 Dungeon Crawl Stone Soup version 0.31.0-11-ge490571c62 (webtiles) character file.

Game seed: 18096739311454603113

13905 hawla the Mimic (level 11, -7/57 HPs)
             Began as a Deep Elf Conjurer on Feb 5, 2024.
             Was a Priest of Vehumet.
             Killed from afar by Jorgrun (23 damage)
             ... with an iron shot
             ... while petrified by Jorgrun
             ... on level 12 of the Dungeon.
             The game lasted 00:38:32 (15070 turns).

hawla the Mimic (Deep Elf Conjurer)                Turns: 15070, Time: 00:38:33

Health: -7/57      AC: 10    Str:  4    XL:     11   Next: 81%
Magic:  26/26      EV: -1    Int: 34    God:    Vehumet [***...]
Gold:   808        SH:  0    Dex: 13    Spells: 18/28 levels left

rFire   . . .        H - staff of conjuration
rCold   + + +        y - +3 buckler {AC+3}
rNeg    + + +        C - +4 skin of Zhor {*Englaciate rC+++ SInv}
rPois   ∞            (no helmet)
rElec   .            (no cloak)
rCorr   .            (no gloves)
SInv    +            F - +0 pair of boots
Will    +....        o - amulet of the acrobat
Stlth   ++           e - +5 ring of evasion
HPRegen 0.29/turn    E - +6 ring of intelligence
MPRegen 0.20/turn

%: acrobat
@: petrified, grasped by roots, constricted
A: no striking features
a: Renounce Religion


You were on level 12 of the Dungeon.
You worshipped Vehumet.
Vehumet was most pleased with you.
You visited 2 branches of the dungeon, and saw 13 of its levels.

You collected 808 gold pieces.

Inventory:

Armour
 t - a +1 robe of positive energy
 y - a +3 buckler of protection (worn)
 C - the +4 skin of Zhor (worn) {*Englaciate rC+++ SInv}
   (You found it on level 7 of the Dungeon)

   *Englaciate: It radiates cold, occasionally slowing all nearby creatures who
   are not resistant to cold.
   rC+++:     It renders you almost immune to cold.
   SInv:      It lets you see invisible.
 F - a +0 pair of boots (worn)
Magical Staves
 f - a staff of air
 B - a staff of cold
 H - a staff of conjuration (weapon)
Jewellery
 e - a +5 ring of evasion (left hand)
 i - a ring of wizardry
 o - an amulet of the acrobat (around neck)
 A - a ring of wizardry
 E - a +6 ring of intelligence (right hand)
Wands
 a - a wand of mindburst (1)
 q - a wand of quicksilver (15) (quivered)
 v - a wand of flame (26)
Scrolls
 m - 2 scrolls of poison
 n - 3 scrolls of immolation
 u - 3 scrolls of enchant armour
 z - a scroll of fog
 I - a scroll of enchant weapon
Potions
 b - a potion of berserk rage
 c - a potion of ambrosia
 d - 3 potions of heal wounds
 g - a potion of lignification
 h - 2 potions of mutation
 j - 3 potions of curing
 k - 2 potions of attraction
 l - a potion of cancellation
 p - a potion of might
 r - a potion of brilliance
 s - 2 potions of haste
 x - 5 potions of enlightenment
 J - a potion of degeneration {unknown}
Miscellaneous
 D - a box of beasts (inert)


   Skills:
 - Level 2.0 Fighting
 + Level 8.2 Staves
 - Level 9.0 Dodging
 - Level 4.0 Stealth
 - Level 4.0 Shields
 - Level 9.0 Spellcasting
 - Level 7.0 Conjurations
 - Level 4.0 Hexes
 - Level 3.0 Translocations
 - Level 2.0 Ice Magic
 - Level 2.0 Air Magic
 - Level 5.0 Evocations
 - Level 10.0 Shapeshifting


You had 18 spell levels left.
You knew the following spells:

 Your Spells              Type           Power      Damage    Failure   Level
a - Magic Dart            Conj           100%       1d8       1%          1
b - Searing Ray           Conj           100%       2d8       1%          2
c - Iskenderun's Mystic   Conj/Tloc      65%        2d13      1%          4
d - Tukima's Dance        Hex            42%        N/A       3%          3

Your spell library contained the following spells:

 Spells                   Type           Power      Damage    Failure   Level
 Dazzling Flash           Conj/Hex       100%       N/A       1%          3
 Sigil of Binding         Hex            42%        N/A       3%          3
 Fulminant Prism          Conj/Alch      27%        3d14      3%          4
 Dimensional Bullseye     Hex/Tloc       19%        N/A       12%         4
 Call Canine Familiar     Summ           15%        N/A       16%         3
 Summon Lightning Spire   Summ/Air       22%        N/A       34%         4
 Lee's Rapid Deconstruct  Erth           7%         3d7*      34%         5
 Animate Armour           Summ/Erth      30%        N/A       45%         4


Dungeon Overview and Level Annotations

Branches:
Dungeon (12/15)            Temple (1/1) D:7            Lair (0/5) D:10
    Orc: D:9-12

Altars:
Ashenzari
Cheibriados
Dithmenos
Elyvilon
Fedhas
Gozag
Hepliaklqana
Kikubaaqudgha
Makhleb
Nemelex Xobeh
Okawaru
Qazlal
Ru
Sif Muna
Trog
Uskayaw
Vehumet
Wu Jian
Xom
Yredelemnul
Zin
The Shining One

Shops:
D:6 (   D:7 **

Portals:
Abyss: D:7

Annotations:
D:7 2 transporters, rutigerpupkin's ghost, novice GrEE
D:12 Jorgrun


Message History

Jorgrun says, "May tha earth consume ye!"
Jorgrun points at you and mumbles some strange words.
You struggle to resist.
Found 9 gold pieces and a wand of mindburst (12).
Found a book of Battle.
Jorgrun casts a spell at you.
Roots burst forth from the earth!
The grasping roots grab you! The grasping roots constrict you!
You escape the roots grasp.
You radiate an aura of cold.
Jorgrun is unaffected.
A purple ugly thing comes into view.
Jorgrun casts a spell at you.
You are slowing down.
You radiate an aura of cold.
Jorgrun is unaffected.
The purple ugly thing resists.
The purple ugly thing gurgles horribly!
Your limbs are stiffening.
You radiate an aura of cold.
Jorgrun is unaffected.
The purple ugly thing seems to slow down.
Jorgrun points next to you and mumbles some strange words.
The wall shatters!
The blast of rock fragments hits you!!
You have turned to stone.
Jorgrun gestures at you while chanting.
Roots burst forth from the earth!
The grasping roots grab you! The grasping roots constrict you!
You radiate an aura of cold.
Jorgrun is unaffected.
The roots lose their grip on you.
You hear a grinding noise.
Jorgrun points at you and mumbles some strange words.
Roots burst forth from the earth!
The grasping roots grab you! The grasping roots constrict you!
You radiate an aura of cold.
Jorgrun is unaffected.
The purple ugly thing seems to slow down.
The grasping roots constrict you!
* * * LOW HITPOINT WARNING * * *
Jorgrun gestures at you while chanting. The iron shot hits you!!!
You die...

≈≈≈≈≈≈≈≈≈≈≈8......##
≈≈≈≈≈≈≈≈≈≈8≈.......#
########'.≈≈......#### .
))[[.)..#.≈≈.........#.#
))))..).##≈≈.....# ....#
)[)..............#......
........##≈≈....g#......
...)....#.≈≈............
########'.≈≈....@:......
≈≈≈≈8≈....$##.....
≈≈≈≈≈≈8........ ..#
............/u.... #
........#.#........
......##...#.... ......
....#.... #..... .....
...


You could see Jorgrun and a purple ugly thing (slow).

Vanquished Creatures
  A two-headed ogre (D:10)
  Pikel (D:5)
  A manticore (D:11)
  A cyclops (D:11)
  2 rime drakes
  A komodo dragon (D:8)
  A kobold demonologist (D:11)
  An unseen horror (D:11)
  2 polar bears (D:10)
  3 trolls
  A hornet (D:9)
  2 wyverns (D:9)
  13 yaks
  4 acid dragons
  3 water moccasins (D:7)
  4 ice beasts
  A sky beast (D:7)
  12 orc warriors
  3 black bears
  A wolf (D:10)
  3 ogres
  3 lemures (D:5)
  3 centaurs
  3 kobold brigands
  3 bullfrogs
  3 scorpions
  3 wights (D:8)
  15 killer bees
  2 howler monkeys (D:8)
  A bombardier beetle (D:3)
  2 jellies
  4 hounds
  8 orc priests
  5 sleepcaps
  2 gnoll boudas
  An iguana (D:4)
  10 orc wizards
  Natasha (thrice) (D:2)
  14 gnolls
  12 adders
  3 shadow imps
  2 dart slugs
  4 ribbon worms
  51 orcs
  9 endoplasms
  7 giant cockroaches
  4 goblins
  3 hobgoblins
  11 quokkas
  9 ball pythons
  2 bats
  3 frilled lizards
  23 kobolds
  5 rats
294 creatures vanquished.

Vanquished Creatures (collateral kills)
  Snorg (D:11)
  4 orc warriors (D:12)
  A sky beast (D:6)
  3 orc priests
  An orc wizard (D:9)
  3 orcs
  A goblin (D:4)
  A kobold (D:9)
15 creatures vanquished.

Grand Total: 309 creatures vanquished

Notes
Turn   | Place    | Note
-------+----------+-------------------------------------------
     0 | D:1      | hawla the Deep Elf Conjurer began the quest for the Orb.
     0 | D:1      | Reached XP level 1. HP: 10/10 MP: 6/6
   196 | D:1      | Reached skill level 1 in Fighting
   353 | D:1      | Reached XP level 2. HP: 16/16 MP: 2/8
   439 | D:1      | Learned a level 2 spell: Searing Ray
  1447 | D:2      | Reached skill level 1 in Translocations
  1447 | D:2      | Reached XP level 3. HP: 21/21 MP: 1/9
  1957 | D:2      | Noticed Natasha
  1961 | D:2      | Killed Natasha
  1962 | D:2      | Reached XP level 4. HP: 14/26 MP: 4/10
  2130 | D:2      | Noticed Natasha
  2140 | D:2      | Killed Natasha
  2141 | D:2      | Reached skill level 1 in Shields
  2244 | D:2      | Reached XP level 5. HP: 30/30 MP: 7/11
  2442 | D:2      | Learned a level 4 spell: Iskenderun's Mystic Blast
  2513 | D:2      | Noticed Natasha
  2533 | D:2      | Killed Natasha
  2534 | D:2      | Reached skill level 1 in Hexes
  2556 | D:2      | Learned a level 3 spell: Tukima's Dance
  2905 | D:3      | Reached XP level 6. HP: 30/35 MP: 5/12
  4960 | D:4      | Reached XP level 7. HP: 40/40 MP: 11/13
  5403 | D:4      | Reached skill level 1 in Evocations
  5888 | D:5      | Entered Level 5 of the Dungeon
  6063 | D:5      | Reached skill level 5 in Evocations
  6261 | D:5      | Reached skill level 1 in Air Magic
  6389 | D:5      | Identified the +5 chain mail of Mirth {-Cast rN+ rCorr}
  6483 | D:5      | Noticed Pikel
  6823 | D:5      | Killed Pikel
  6824 | D:5      | Reached XP level 8. HP: 31/44 MP: 1/14
  7309 | D:6      | Found Japsofor's Antique Weapon Shop.
  7653 | D:6      | Reached skill level 5 in Spellcasting
  8045 | D:6      | Reached XP level 9. HP: 48/48 MP: 11/19
  8083 | D:6      | Reached skill level 5 in Dodging
  8646 | D:7      | Found a staircase to the Ecumenical Temple.
  8660 | D:7      | Found a blossoming altar of Fedhas.
  8671 | Temple   | Entered the Ecumenical Temple
  8682 | Temple   | Became a worshipper of Vehumet
  8728 | D:7      | Found a glowing silver altar of Zin.
  8734 | D:7      | Found a broken altar of Ashenzari.
  8831 | D:7      | Found a hazy altar of Hepliaklqana.
  8907 | D:7      | Found a burning altar of Makhleb.
  8912 | D:7      | Found an iron altar of Okawaru.
  9003 | D:7      | Noticed a rime drake
  9015 | D:7      | Found the +4 skin of Zhor {*Englaciate rC+++ SInv}
  9022 | D:7      | Killed a rime drake
  9246 | D:7      | Found a one-way gate to the infinite horrors of the Abyss.
  9276 | D:7      | Noticed rutigerpupkin's ghost (novice GrEE)
  9334 | D:7      | Found a transporter.
  9349 | D:7      | Found a transporter.
  9452 | D:7      | Found Suawky's Specific Store.
  9454 | D:7      | Found Lukyt's General Store.
 10031 | D:8      | Reached skill level 1 in Ice Magic
 10196 | D:8      | Reached XP level 10. HP: 53/53 MP: 19/25
 10198 | D:8      | Reached skill level 1 in Shapeshifting
 10495 | D:8      | Reached * piety under Vehumet
 10495 | D:8      | Offered knowledge of Kiss of Death by Vehumet.
 10496 | D:8      | Reached skill level 2 in Shapeshifting
 11139 | D:9      | Reached skill level 3 in Shapeshifting
 11383 | D:9      | Reached skill level 4 in Shapeshifting
 11534 | D:9      | Found a hide-covered altar of Uskayaw.
 11855 | D:9      | Reached skill level 5 in Shapeshifting
 11947 | D:9      | Reached skill level 6 in Shapeshifting
 12288 | D:10     | Entered Level 10 of the Dungeon
 12357 | D:10     | Reached skill level 7 in Shapeshifting
 12632 | D:10     | Reached skill level 8 in Shapeshifting
 12687 | D:10     | Found a staircase to the Lair.
 12905 | D:10     | Noticed a two-headed ogre
 12913 | D:10     | Killed a two-headed ogre
 12992 | D:10     | Offered knowledge of Scorch by Vehumet.
 12993 | D:10     | Reached skill level 9 in Shapeshifting
 13094 | D:10     | Reached ** piety under Vehumet
 13095 | D:10     | Reached XP level 11. HP: 27/57 MP: 18/26
 13616 | D:11     | Reached skill level 10 in Shapeshifting
 13695 | D:11     | Reached skill level 1 in Staves
 14138 | D:11     | Reached skill level 5 in Staves
 14142 | D:11     | Offered knowledge of Mercury Vapours by Vehumet.
 14147 | D:11     | Reached *** piety under Vehumet
 14350 | D:11     | Noticed Snorg
 14465 | D:11     | Killed Snorg
 14984 | D:12     | Noticed Jorgrun
 14992 | D:12     | Offered knowledge of Dazzling Flash by Vehumet.
 15062 | D:12     | Noticed a purple ugly thing
 15070 | D:12     | Killed from afar by Jorgrun

Illustrated notes

Levels and vault maps discovered:
D:1:      scummos_arrival_simple_crosswalls, layout_basic
D:2:      layout_rooms, minmay_misc_feat_four_crosses, nrook_loot_triangle,
          roderic_roman_lattice, hex_tiny, serial_bayou_pond_d, uniq_natasha
D:3:      layout_loops_ring, serial_co_window_serial, co_window_corner_a,
          co_window_corner_a, co_window_paths_b, co_window_paths_a,
          co_window_paths_a, co_window_broadway_a, co_window_unsneaky_path_e,
          co_window_broadway_c, co_window_corner_b, co_window_cross_2,
          glass_columns_b, glass_columns_b, glass_columns_a, glass_columns_a,
          minmay_misc_feat_ornament, kennysheep_generic_room_7
D:4:      layout_cave_pods, dreamdust_gnoll_farm
D:5:      nicolae_cairo_tiling_very_big, layout_loops_ring, uniq_pikel
D:6:      layout_loops_ring, serial_shops, shop_statue, gup_sewer_entry_pipe,
          serial_library_hellmonk_u_bend
D:7:      layout_loops_ring, nicolae_overflow_hallway_of_the_gods,
          minmay_temple_entry_steel_oval, gammafunk_ghost_abyssal_escape,
          st_stairs_5, nicolae_specific_store, hellmonk_guarded_unrand_zhor
D:8:      layout_cave_pods, serial_column_ruins, column_ruins_open_medium_water,
          column_ruins_corridor_corner, column_ruins_corridor_dead_end,
          column_ruins_grid_1, column_ruins_columns_corner,
          column_ruins_columns_dead_end, minmay_misc_feat_more_columns
D:9:      layout_loops_cross, eat_drink_and_be_merry_uskayaw
D:10:     layout_loops_ring, hellmonk_lair_entry_icy,
          nicolae_houndstooth_variations
D:11:     layout_roguey [special_room_orc], uniq_snorg
D:12:     minmay_cornered_nines, layout_cave_pools, erik_orc_2, kennysheep_nub,
          st_stairs_2, minmay_door_square, uniq_jorgrun, uniq_lodul
Temple:   hellmonk_temple_of_storms

Skill      XL: |  1  2  3  4  5  6  7  8  9 10 11 |
---------------+----------------------------------+-----
Fighting       | 1 2 |  2.0
Translocations | 1 3 |  3.0
Stealth        | 3 4 |  4.0
Shields        | 1 2 3 4 |  4.0
Hexes          | 2 4 |  4.0
Evocations     | 5 |  5.0
Air Magic      | 2 |  2.0
Conjurations   | 6 7 |  7.0
Dodging        | 4 9 |  9.0
Spellcasting   | 5 9 |  9.0
Ice Magic      | 1 2 |  2.0
Shapeshifting  | 9 10 | 10.0
Staves         | 8 |  8.2

Action                     |  1- 3 |  4- 6 |  7- 9 | 10-12 || total
---------------------------+-------+-------+-------+-------++-------
  Melee: Staff             |       |       |    91 |    98 ||   189
         Unarmed           |       |       |    15 |       ||    15
         Punch             |       |       |     1 |       ||     1
   Cast: Magic Dart        |    49 |    50 |    61 |    50 ||   210
         Searing Ray       |    15 |    43 |    52 |    60 ||   170
         Iskenderun's Myst |       |     1 |    16 |    51 ||    68
         Tukima's Dance    |       |       |       |    13 ||    13
  Evoke: Wand              |       |       |       |     4 ||     4
         Box of beasts     |       |       |       |     1 ||     1
    Use: Scroll            |     4 |     9 |    16 |     9 ||    38
         Potion            |       |     2 |     2 |     3 ||     7
   Stab: Sleeping          |       |       |     1 |       ||     1
 Armour: Robe              |     4 |    16 |    50 |       ||    70
         Skin              |       |       |    28 |       ||    28
         Animal skin       |       |       |     3 |    62 ||    65
  Dodge: Dodged            |     4 |    45 |   151 |   195 ||   395
  Block: Buckler           |       |       |    19 |    75 ||    94
